 Dungeon Crawl Stone Soup version 0.30-a0-596-g0af90f9a20 (webtiles) character file.

Game seed: 15664879824886879495

933 wormed the Digger (level 8, -4/58 HPs)
             Began as a Gnoll Earth Elementalist on Jan 7, 2023.
             Was a Follower of Cheibriados.
             Slain by a troll (9 damage)
             ... on level 6 of the Dungeon.
             The game lasted 00:08:07 (5552 turns).

wormed the Digger (Gnoll Earth Elementalist)        Turns: 5552, Time: 00:08:07

Health: -4/58      AC:  4    Str: 12    XL:     8   Next: 11%
Magic:  1/16       EV: 14    Int: 24    God:    Cheibriados [*.....]
Gold:   294        SH:  0    Dex: 16    Spells: 14/18 levels left

rFire   . . .      SeeInvis .    q - +2 dagger (venom)
rCold   . . .      Faith    .    (no shield)
rNeg    . . .      Spirit   .    a - +0 robe
rPois   .          Reflect  .    (no helmet)
rElec   .          Harm     .    w - +0 cloak
rCorr   .          Rampage  .    A - +0 pair of gloves
Will    .....                    (no boots)
Stlth   +++                      (no amulet)
HPRegen 0.29/turn                r - +6 ring of intelligence
MPRegen 0.15/turn                (no ring)

@: very slightly contaminated, very slow
A: fangs 1, strong nose, distributed training
a: Renounce Religion, Bend Time


You were on level 6 of the Dungeon.
You worshipped Cheibriados.
Cheibriados was aware of your devotion.
You visited 1 branch of the dungeon, and saw 6 of its levels.

You collected 294 gold pieces.

Inventory:

Hand Weapons
 d - a +0 dagger
 g - a +2 falchion of flaming
 q - a +2 dagger of venom (weapon)
Missiles
 k - 9 poisoned darts
Armour
 a - a +0 robe (worn)
 w - a +0 cloak (worn)
 A - a +0 pair of gloves (worn)
Jewellery
 r - a +6 ring of intelligence (left hand)
 s - a +6 ring of strength
Wands
 x - a wand of roots (10) (quivered)
Scrolls
 c - 3 scrolls of identify {unknown}
 e - a scroll of amnesia {unknown}
 h - 2 scrolls of enchant weapon {unknown}
 i - a scroll of acquirement {unknown}
 j - 2 scrolls of butterflies {unknown}
 l - a scroll of enchant armour {unknown}
 n - a scroll of fog {unknown}
 o - 2 scrolls of brand weapon {unknown}
 u - a scroll of immolation {unknown}
 y - a scroll of silence {unknown}
 C - a scroll of poison {unknown}
Potions
 b - 2 potions of magic
 f - 5 potions of flight {unknown}
 m - a potion of cancellation {unknown}
 p - 2 potions of lignification {unknown}
 t - 2 potions of brilliance {unknown}
 v - 2 potions of invisibility {unknown}
 z - a potion of might {unknown}
 B - 3 potions of attraction {unknown}


   Skills:
 + Level 3.1 Fighting
 + Level 3.1 Short Blades
 + Level 3.1 Long Blades
 + Level 3.1 Axes
 + Level 3.1 Maces & Flails
 + Level 3.1 Polearms
 + Level 3.1 Staves
 + Level 3.1 Ranged Weapons
 + Level 3.1 Throwing
 + Level 3.1 Armour
 + Level 5.6 Dodging
 + Level 5.2 Stealth
 + Level 3.1 Shields
 + Level 3.1 Unarmed Combat
 + Level 5.9 Spellcasting
 + Level 2.5 Conjurations
 + Level 2.5 Hexes
 + Level 2.5 Summonings
 + Level 2.5 Necromancy
 + Level 2.5 Translocations
 + Level 3.3 Transmutations
 + Level 2.5 Fire Magic
 + Level 2.5 Ice Magic
 + Level 2.5 Air Magic
 + Level 6.0 Earth Magic
 + Level 2.5 Poison Magic
 + Level 3.4 Invocations
 + Level 3.1 Evocations


You had 14 spell levels left.
You knew the following spells:

 Your Spells              Type           Power      Damage    Failure   Level
a - Sandblast             Erth           72%        2d16      1%          1
b - Stone Arrow           Conj/Erth      54%        3d10      4%          3

Your spell library contained the following spells:

 Spells                   Type           Power      Damage    Failure   Level
 Passwall                 Tmut/Erth      24%        N/A       1%          2
 Ensorcelled Hibernation  Hex/Ice        38%        N/A       4%          2
 Gell's Gravitas          Tloc           19%        N/A       9%          3
 Hailstorm                Conj/Ice       19%        3d6       9%          3
 Lesser Beckoning         Tloc           38%        N/A       9%          3
 Swiftness                Air            19%        N/A       9%          3
 Teleport Other           Tloc           19%        N/A       9%          3
 Petrify                  Tmut/Erth      29%        N/A       12%         4
 Ice Form                 Ice/Tmut       21%        N/A       24%         4
 Simulacrum               Ice/Necr       9%         N/A       99%         6


Dungeon Overview and Level Annotations

Branches:
Dungeon (6/15)
 Temple: D:4-7

Altars:
Cheibriados
Dithmenos
Fedhas
Nemelex Xobeh
Wu Jian
Xom
Zin

Shops:
D:3 [

Annotations:
D:3 1 runed translucent door, Heh's ghost, amateur OpMo


Innate Abilities, Weirdness & Mutations

You have very sharp teeth.
Your uncanny sense of smell can sniff out nearby items.
Your experience applies equally to all skills.


Message History

Casting: Stone Arrow (dangerous; 4% risk of failure)
Confirm with . or Enter, or press ? or * to list all spells.
Aiming: Stone Arrow (dangerous; 4% risk of failure)
Press: ? - help, Shift-Dir - straight line, f - troll
Aim: a troll (wandering, hasn't noticed you, 71% to hit)
You miscast Stone Arrow.
You are very lightly contaminated with residual magic.
Nothing appears to happen.
The troll shouts!
Casting: Stone Arrow (dangerous; 4% risk of failure)
Confirm with . or Enter, or press ? or * to list all spells.
Aiming: Stone Arrow (dangerous; 4% risk of failure)
Press: ? - help, Shift-Dir - straight line, f/p - troll
Aim: a troll (71% to hit)
The stone arrow misses the troll.
The troll bites you! The troll claws you! x2
Casting: Stone Arrow (dangerous; 4% risk of failure)
Confirm with . or Enter, or press ? or * to list all spells.
Aiming: Stone Arrow (dangerous; 4% risk of failure)
Press: ? - help, Shift-Dir - straight line, f/p - troll
Aim: a troll (71% to hit)
The stone arrow hits the troll!
The troll is moderately wounded.
The troll bites you. The troll claws you!
* * * LOW HITPOINT WARNING * * *
The troll completely misses you.
Casting: Stone Arrow (dangerous; 4% risk of failure)
Confirm with . or Enter, or press ? or * to list all spells.
Aiming: Stone Arrow (dangerous; 4% risk of failure)
Press: ? - help, Shift-Dir - straight line, f/p - troll
Aim: a troll (moderately wounded, 71% to hit)
You miscast Stone Arrow.
Nothing appears to happen.
The troll misses you. The troll claws you!
* * * LOW HITPOINT WARNING * * *
The troll closely misses you. The flow of time bends around you.
Cheibriados rebukes the troll.
The troll seems to slow down.
The troll attacks as you move away! The troll bites you but does no damage.
The troll barely misses you. The troll claws you!
You die...

..##### ....... .......
## #################. .
........##....###. .
............[.#... ∆
#.######..##....#...
#..##.###.##..##....#...
#####
#.....T@...#..##..######
.#..##
#..........#..##.)#.....
.#...#
#...####.###..##.)'.....
.'...#
#...####.###'###..#.....
.#...#
..............##..#.....
.#...#
..............#########
.#..##### ..###.######..#
##..##..#########.......#
.#...........'..#.......#


You could see a troll (slow).

Vanquished Creatures
  An ice beast (D:6)
  2 ogres (D:4)
  A necrophage (D:5)
  2 scorpions
  2 quasits (D:4)
  Crazy Yiuf (D:3)
  An orc priest (D:6)
  A hound (D:4)
  5 iguanas
  An orc wizard (D:6)
  6 adders
  2 white imps
  3 ufetubi
  2 worms
  2 dart slugs
  13 orcs
  7 ball pythons
  11 bats
  5 endoplasms
  3 giant cockroaches
  6 goblins
  5 hobgoblins
  6 kobolds
  6 quokkas
  2 frilled lizards
  4 rats
100 creatures vanquished.

Vanquished Creatures (others)
  2 demonic plants (D:4)
  2 withered plants (D:6)
4 creatures vanquished.

Grand Total: 104 creatures vanquished

Notes
Turn   | Place    | Note
-------+----------+-------------------------------------------
     0 | D:1      | wormed the Gnoll Earth Elementalist began the quest for the
                  | Orb.
     0 | D:1      | Reached XP level 1. HP: 13/13 MP: 6/6
    12 | D:1      | You fall into a shaft and drop 1 floor!
    46 | D:2      | Reached XP level 2. HP: 20/20 MP: 5/7
   357 | D:1      | Reached skill level 5 in Spellcasting
   357 | D:1      | Reached XP level 3. HP: 23/25 MP: 4/9
   361 | D:1      | Learned a level 3 spell: Stone Arrow
   743 | D:1      | Reached skill level 1 in Invocations
  1227 | D:2      | Found a shadowy altar of Dithmenos.
  1332 | D:2      | Reached skill level 1 in Fighting
  1332 | D:2      | Reached skill level 1 in Short Blades
  1332 | D:2      | Reached skill level 1 in Long Blades
  1332 | D:2      | Reached skill level 1 in Axes
  1332 | D:2      | Reached skill level 1 in Maces & Flails
  1332 | D:2      | Reached skill level 1 in Polearms
  1332 | D:2      | Reached skill level 1 in Staves
  1332 | D:2      | Reached skill level 1 in Ranged Weapons
  1332 | D:2      | Reached skill level 1 in Throwing
  1332 | D:2      | Reached skill level 1 in Armour
  1332 | D:2      | Reached skill level 1 in Shields
  1332 | D:2      | Reached skill level 1 in Unarmed Combat
  1332 | D:2      | Reached skill level 1 in Evocations
  1496 | D:2      | Reached XP level 4. HP: 32/32 MP: 11/11
  1831 | D:3      | Found Zodurph's Armour Emporium.
  1837 | D:3      | Reached skill level 1 in Conjurations
  1837 | D:3      | Reached skill level 1 in Hexes
  1837 | D:3      | Reached skill level 1 in Summonings
  1837 | D:3      | Reached skill level 1 in Necromancy
  1837 | D:3      | Reached skill level 1 in Translocations
  1837 | D:3      | Reached skill level 1 in Fire Magic
  1837 | D:3      | Reached skill level 1 in Ice Magic
  1837 | D:3      | Reached skill level 1 in Air Magic
  1837 | D:3      | Reached skill level 1 in Poison Magic
  2208 | D:3      | Found a runed translucent door.
  2209 | D:3      | Noticed Crazy Yiuf
  2310 | D:3      | Noticed a bullfrog
  2311 | D:3      | Found a runed translucent door.
  2639 | D:3      | Noticed Heh's ghost (amateur OpMo)
  2735 | D:3      | Killed Crazy Yiuf
  2736 | D:3      | Reached XP level 5. HP: 37/37 MP: 5/12
  2872 | D:4      | Found a snail-covered altar of Cheibriados.
  2875 | D:4      | Became a worshipper of Cheibriados the Contemplative
  3106 | D:4      | Found a sparkling altar of Nemelex Xobeh.
  3198 | D:4      | Reached XP level 6. HP: 27/44 MP: 3/13
  3405 | D:4      | Reached skill level 5 in Dodging
  3620 | D:4      | Reached XP level 7. HP: 50/50 MP: 0/15
  3840 | D:4      | Reached * piety under Cheibriados
  3977 | D:4      | Found a shadowy altar of Dithmenos.
  4163 | D:5      | Entered Level 5 of the Dungeon
  4296 | D:5      | Reached skill level 5 in Stealth
  4886 | D:5      | Found an ornate altar of the Wu Jian Council.
  4933 | D:5      | Found a glowing silver altar of Zin.
  4934 | D:5      | Found a shimmering altar of Xom.
  4936 | D:5      | Found a blossoming altar of Fedhas.
  5033 | D:6      | Reached skill level 6 in Earth Magic
  5120 | D:6      | Reached XP level 8. HP: 39/58 MP: 3/16
  5298 | D:6      | Noticed a wraith
  5546 | D:6      | Noticed a troll
  5552 | D:6      | Slain by a troll

Illustrated notes

Levels and vault maps discovered:
D:1:      lightli_arrival_statuegarden, layout_loops_ring
D:2:      layout_loops_ring, basic_altar
D:3:      layout_loops_ring, ebering_ghost_sewer_d, serial_shops, shop,
          uniq_crazy_yiuf_cottage
D:4:      layout_basic, mainiacjoe_overflow_24_doors, lemuel_crystal_altar,
          lemuel_doored_altar, serial_demonic, serial_demonic_g,
          serial_demonic_e, serial_demonic_b, serial_demonic_c
D:5:      layout_rooms, nicolae_wu_jian_immortal_techniques, minitemple,
          chequers_garden, st_stairs_14, minmay_misc_feat_enclosed
D:6:      layout_gridville, kiku_gazebo_garden_becter

Skill      XL: |  1  2  3  4  5  6  7 |
---------------+----------------------+-----
Transmutations | 2 3 |  3.3
Spellcasting   | 5 |  5.9
Invocations    | 1 2 3 |  3.4
Fighting       | 1 2 3 |  3.1
Short Blades   | 1 2 3 |  3.1
Long Blades    | 1 2 3 |  3.1
Axes           | 1 2 3 |  3.1
Maces & Flails | 1 2 3 |  3.1
Polearms       | 1 2 3 |  3.1
Staves         | 1 2 3 |  3.1
Ranged Weapons | 1 2 3 |  3.1
Throwing       | 1 2 3 |  3.1
Armour         | 1 2 3 |  3.1
Shields        | 1 2 3 |  3.1
Unarmed Combat | 1 2 3 |  3.1
Evocations     | 1 2 3 |  3.1
Conjurations   | 1 2 |  2.5
Hexes          | 1 2 |  2.5
Summonings     | 1 2 |  2.5
Necromancy     | 1 2 |  2.5
Translocations | 1 2 |  2.5
Fire Magic     | 1 2 |  2.5
Ice Magic      | 1 2 |  2.5
Air Magic      | 1 2 |  2.5
Poison Magic   | 1 2 |  2.5
Dodging        | 5 |  5.6
Stealth        | 5 |  5.2
Earth Magic    | 6 |  6.0

Action                   |  1- 3 |  4- 6 |  7- 9 || total
-------------------------+-------+-------+-------++-------
Melee: Falchion          |    25 |       |       ||    25
       Dagger            |     3 |     5 |    16 ||    24
       Bite              |       |     1 |     3 ||     4
       Punch             |       |       |     1 ||     1
 Cast: Sandblast         |    40 |    14 |     2 ||    56
       Stone Arrow       |     1 |    26 |    44 ||    71
Invok: Bend Time         |       |       |     1 ||     1
Evoke: Wand              |       |     1 |       ||     1
 Stab: Sleeping          |     1 |     1 |       ||     2
Armor: Robe              |    11 |     1 |     6 ||    18
Dodge: Dodged            |    28 |     2 |    18 ||    48

Table legend: (Time is in decaauts)
 A = Elapsed time spent in this place.
 B = Non-inter-level travel time spent in this place.
 C = Inter-level travel time spent in this place.
 D = Time resting spent in this place.
 E = Time spent auto-exploring this place.
 F = Levels seen in this place.
 G = Mean time per level.
                   A        B        C        D        E       F      G
               +--------+--------+--------+--------+--------+-----+--------+
         Total |   6007 |   5772 |    235 |      0 |   5095 |   6 | 1001.2 |
       Dungeon |   6007 |   5772 |    235 |      0 |   5095 |   6 | 1001.2 |
               +--------+--------+--------+--------+--------+-----+--------+

Top non-repeatable levels by time:
     D:4: 1459 daAuts
     D:3: 1147 daAuts
     D:1: 967 daAuts
     D:5: 953 daAuts
     D:2: 789 daAuts
     D:6: 691 daAuts
